 Dungeon Crawl Stone Soup version 0.23.2-40-g277498a001 (webtiles) character file.

Game seed: 1775881810926217353

9946 McKennaii the Cleaver (level 11, -6/86 HPs)
             Began as a Demonspawn Fighter on Oct 22, 2019.
             Was an Elder of Makhleb.
             Mangled by a freezing wraith (23 damage)
             ... on level 10 of the Dungeon.
             The game lasted 00:26:17 (8291 turns).

McKennaii the Cleaver (Demonspawn Fighter)          Turns: 8291, Time: 00:26:18

Health: -6/86      AC: 18    Str: 23    XL:     11   Next: 29%
Magic:  11/11      EV:  7    Int:  9    God:    Makhleb [****..]
Gold:   678        SH: 10    Dex: 14    Spells: 10/10 levels left

rFire    . . .     SeeInvis +   I - +4 war axe
rCold    . . .     Gourm    .   c - +0 shield
rNeg     . . .     Faith    .   K - +0 chain mail {MR+}
rPois    .         Spirit   .   v - +2 helmet
rElec    .         Reflect  .   (no cloak)
rCorr    .         Harm     .   (no gloves)
MR       +....                  (boots unavailable)
Stlth    ..........             t - amulet of the acrobat
HPRegen  0.24/turn              e - ring of see invisible
MPRegen  0.12/turn              A - +4 ring of strength

@: no status effects
A: talons 3, iridescent scales 2, powered by death 2
a: Minor Destruction, Lesser Servant of Makhleb, Major Destruction, Renounce
Religion


You were on level 10 of the Dungeon.
You worshipped Makhleb.
Makhleb was greatly pleased with you.
You were not hungry.

You visited 1 branch of the dungeon, and saw 10 of its levels.

You collected 678 gold pieces.

Inventory:

Hand Weapons
 I - a +4 war axe (weapon)
Armour
 c - a +0 shield (worn)
 v - a +2 helmet (worn)
 K - a +0 chain mail of magic resistance (worn)
Jewellery
 e - a ring of see invisible (left hand)
 t - an amulet of the acrobat (around neck)
 z - an uncursed ring of ice
 A - a +4 ring of strength (right hand)
 G - an uncursed ring of fire
Wands
 d - a wand of disintegration (18)
 u - a wand of polymorph (6)
 H - a wand of paralysis (8)
Scrolls
 a - a scroll of amnesia
 h - a scroll of blinking {unknown}
 j - 6 scrolls of teleportation
 l - a scroll of enchant weapon
 o - 2 scrolls of enchant armour
 p - a scroll of immolation {unknown}
 q - 2 scrolls of noise
 s - 5 scrolls of remove curse
 x - 8 scrolls of identify
 y - a scroll of fog {unknown}
 E - a scroll of silence {unknown}
Potions
 g - 2 potions of heal wounds
 i - 6 potions of curing {unknown}
 k - a potion of magic {unknown}
 m - a potion of might
 n - a potion of agility {unknown}
 r - 2 potions of lignification {unknown}
 w - a potion of berserk rage {unknown}
 B - a potion of cancellation {unknown}
 C - a potion of resistance {unknown}
 D - a potion of flight {unknown}
 F - a potion of invisibility {unknown}
 J - 2 potions of degeneration {unknown}
 L - a potion of brilliance {unknown}
Comestibles
 b - 5 chunks of flesh
 f - 15 rations


   Skills:
 * Level 8.1 Fighting
 * Level 11.4 Axes
 * Level 7.9 Armour
 + Level 2.3 Dodging
 + Level 1.0 Stealth
 + Level 5.7 Shields
 + Level 1.2 Evocations


You had 10 spell levels left.
You didn't know any spells.
Your spell library contained the following spells:

 Spells                   Type           Power        Failure   Level  Hunger
 Magic Dart               Conj           #...         100%        1    ##.....
 Sandblast                Erth           #.....       100%        1    ##.....
 Blink                    Tloc           N/A          100%        2    ###....
 Call Imp                 Summ           #.......     100%        2    ###....
 Passwall                 Tmut/Erth      #.......     100%        2    ###....
 Searing Ray              Conj           #.....       100%        2    ###....
 Slow                     Hex            #.......     100%        2    ###....
 Conjure Flame            Conj/Fire      #.......     100%        3    ####...
 Dazzling Spray           Conj/Hex       #.....       100%        3    ####...
 Mephitic Cloud           Conj/Pois/Air  #.......     100%        3    ####...
 Stone Arrow              Conj/Erth      #.....       100%        3    ####...
 Force Lance              Conj/Tloc      #.......     100%        4    #####..
 Fulminant Prism          Conj/Hex       #.........   100%        4    #####..
 Iskenderun's Mystic Bla  Conj           #.......     100%        4    #####..
 Petrify                  Tmut/Erth      #.......     100%        4    #####..
 Lee's Rapid Deconstruct  Erth           #.........   100%        5    ######.


Dungeon Overview and Level Annotations

Branches:
Dungeon (10/15)            Temple (0/1) D:6            Lair (0/6) D:10
    Orc: D:9-12

Altars:
Dithmenos
Makhleb
Okawaru
Uskayaw
Zin

Shops:
D:6 :

Annotations:
D:5 3 runed translucent doors, Thargor's ghost, novice DEFE
D:9 3 runed translucent doors, Tinylith's ghost, novice FoFi


Innate Abilities, Weirdness & Mutations

You have claws for feet.
You are mostly covered in iridescent scales. (AC +4)
You regenerate health from kills.


Message History

You are too injured to fight recklessly!
You hit the freezing wraith.
You claw the freezing wraith, but do no damage.
The freezing wraith is severely damaged.
You block the freezing wraith's attack.
The freezing wraith hits you but does no damage.
The freezing wraith hits you. The freezing wraith freezes you!
* * * LOW HITPOINT WARNING * * *
The freezing wraith hits you but does no damage.
The freezing wraith misses you. x2
Evoke which item? (* to show all) (? for menu, Esc to quit)
Aiming: Disintegrate
Press: ? - help, Shift-Dir - straight line, f - freezing wraith
Aim: a freezing wraith (severely damaged, chance to defeat MR: 53%)
The freezing wraith resists with significant effort.
You feel yourself speed up. The freezing wraith hits you.
* * * LOW HITPOINT WARNING * * *
The freezing wraith freezes you!!
You die...

#..#
#.......
#..#
.......
#..#
..[....
#..#
.......
#..#
.......
#..#
.......
#).#
#..#
#.@#
#.W#
#..#
#..#
#..#
#..#
#..#
#..#
#..#


You could see a freezing wraith.

Vanquished Creatures
  4 two-headed ogres
  3 death yaks (D:10)
  The ghost of chickendinner the Skirmisher, a novice DrBe of Trog (D:6)
  A troll (D:9)
  2 hornets
  A spriggan (D:7)
  5 yaks (D:10)
  A wyvern (D:8)
  2 ice beasts
  An orc warrior (D:9)
  A sky beast (D:7)
  A necrophage (D:6)
  5 ogres
  A phantom (D:6)
  A centaur (D:9)
  2 big kobolds (D:9)
  4 bullfrogs
  4 scorpions
  7 killer bees (D:6)
  3 howler monkeys (D:9)
  6 crimson imps
  2 bullfrog zombies
  A quasit (D:8)
  An orc priest (D:5)
  A centaur skeleton (D:4)
  5 hounds
  3 bullfrog skeletons
  An iguana (D:7)
  3 jellies
  Jessica (D:3)
  3 orc wizards
  10 worker ants
  A hound zombie (D:4)
  2 hound skeletons
  7 gnolls
  A worker ant zombie (D:8)
  10 adders
  5 shadow imps
  A dart slug (D:2)
  7 leopard geckos
  25 orcs
  4 giant cockroaches
  7 goblins
  4 hobgoblins
  11 jackals
  15 kobolds
  4 quokkas
  6 bats (D:3)
  6 frilled lizards
  9 rats
212 creatures vanquished.

Vanquished Creatures (others)
  4 plants (D:9)
4 creatures vanquished.

Grand Total: 216 creatures vanquished

Notes
Turn   | Place    | Note
-------+----------+-------------------------------------------
     0 | D:1      | McKennaii the Demonspawn Fighter began the quest for the
                  | Orb.
     0 | D:1      | Reached XP level 1. HP: 18/18 MP: 1/1
   106 | D:1      | Gained mutation: You are partially covered in iridescent
                  | scales. (AC +2) [demonic ancestry]
   106 | D:1      | Reached XP level 2. HP: 24/24 MP: 2/2
   798 | D:2      | Reached skill level 2 in Axes
  1238 | D:2      | Gained mutation: You are mostly covered in iridescent
                  | scales. (AC +4) [demonic ancestry]
  1238 | D:2      | Reached XP level 3. HP: 27/29 MP: 3/3
  1808 | D:3      | Gained mutation: You regenerate a little health from kills.
                  | [demonic ancestry]
  1808 | D:3      | Reached XP level 4. HP: 26/36 MP: 4/4
  1970 | D:3      | Noticed Jessica
  2013 | D:3      | Killed Jessica
  2070 | D:3      | Reached skill level 3 in Axes
  2259 | D:3      | Gained mutation: You have sharp toenails. [demonic
                  | ancestry]
  2259 | D:3      | Reached XP level 5. HP: 42/42 MP: 5/5
  2295 | D:3      | Noticed an ice beast
  2305 | D:3      | Killed an ice beast
  2543 | D:3      | Found a burning altar of Makhleb.
  2557 | D:3      | Gained mutation: You regenerate health from kills. [demonic
                  | ancestry]
  2557 | D:3      | Reached XP level 6. HP: 43/48 MP: 6/6
  2561 | D:3      | Became a worshipper of Makhleb the Destroyer
  2754 | D:3      | Reached skill level 4 in Axes
  3407 | D:4      | Reached * piety under Makhleb
  3407 | D:4      | Reached XP level 7. HP: 55/55 MP: 7/7
  3784 | D:5      | Entered Level 5 of the Dungeon
  3792 | D:5      | Found an iron altar of Okawaru.
  4486 | D:5      | Reached skill level 5 in Axes
  4494 | D:5      | Found a runed translucent gate.
  4494 | D:5      | Found a runed translucent gate.
  4494 | D:5      | Found a runed translucent gate.
  4495 | D:5      | Noticed Thargor's ghost (novice DEFE)
  4688 | D:6      | Found a glowing silver altar of Zin.
  4695 | D:6      | Found a hide-covered altar of Uskayaw.
  4748 | D:6      | Reached skill level 1 in Dodging
  4756 | D:6      | Found a shadowy altar of Dithmenos.
  4772 | D:6      | Reached skill level 5 in Armour
  4800 | D:6      | Reached skill level 5 in Fighting
  4840 | D:6      | Reached XP level 8. HP: 53/62 MP: 8/8
  4848 | D:6      | Reached skill level 6 in Axes
  4968 | D:6      | Noticed a hornet
  4970 | D:6      | Noticed chickendinner's ghost (novice DrBe)
  4988 | D:6      | Found Setteut's Book Boutique.
  4988 | D:6      | Found a transporter.
  4998 | D:6      | Found a transporter.
  5101 | D:6      | Found a staircase to the Ecumenical Temple.
  5102 | D:6      | You fall through a shaft!
  5188 | D:7      | Found the +8 demon blade "Bloodbane" {slice, *Rage +Rage
                  | Stlth-}
  5353 | D:6      | Reached skill level 7 in Axes
  5823 | D:7      | Reached ** piety under Makhleb
  5861 | D:8      | Noticed a two-headed ogre
  5914 | D:8      | Reached XP level 9. HP: 38/69 MP: 9/9
  6015 | D:8      | Noticed a two-headed ogre
  6023 | D:8      | Killed a two-headed ogre
  6023 | D:8      | Reached skill level 8 in Axes
  6032 | D:8      | Killed a two-headed ogre
  6032 | D:8      | Reached skill level 5 in Shields
  6032 | D:8      | Reached skill level 1 in Evocations
  6195 | D:8      | Reached skill level 9 in Axes
  6526 | D:9      | Gained mutation: You have razor-sharp toenails. [demonic
                  | ancestry]
  6526 | D:9      | Reached XP level 10. HP: 77/77 MP: 10/10
  6676 | D:6      | Killed chickendinner's ghost
  6694 | D:6      | Paralysed by a hornet for 1 turns
  6888 | D:9      | Reached *** piety under Makhleb
  6922 | D:9      | Found a runed translucent gate.
  6922 | D:9      | Found a runed translucent gate.
  6922 | D:9      | Found a runed translucent gate.
  6923 | D:9      | Noticed a nine-headed hydra
  6923 | D:9      | Noticed Tinylith's ghost (novice FoFi)
  6936 | D:9      | Noticed a two-headed ogre
  6937 | D:9      | Noticed a two-headed ogre
  6972 | D:9      | Killed a two-headed ogre
  6972 | D:9      | Reached skill level 10 in Axes
  7309 | D:9      | Killed a two-headed ogre
  7901 | D:10     | Entered Level 10 of the Dungeon
  8047 | D:10     | Noticed a death yak
  8048 | D:10     | Noticed a death yak
  8050 | D:10     | Noticed a death yak
  8077 | D:10     | Killed a death yak
  8077 | D:10     | Gained mutation: You have claws for feet. [demonic
                  | ancestry]
  8077 | D:10     | Reached XP level 11. HP: 56/86 MP: 11/11
  8084 | D:10     | Killed a death yak
  8084 | D:10     | Reached skill level 11 in Axes
  8084 | D:10     | Reached skill level 1 in Stealth
  8102 | D:10     | Killed a death yak
  8110 | D:10     | Reached **** piety under Makhleb
  8230 | D:10     | Found a staircase to the Lair.
  8291 | D:10     | Mangled by a freezing wraith

Skill      XL: |  1  2  3  4  5  6  7  8  9 10 11 |
---------------+----------------------------------+-----
Axes           | 2 3 4 5 7 9 10 11 | 11.4
Armour         | 3 4 5 6 7 |  7.9
Shields        | 3 4 5 |  5.7
Fighting       | 4 5 6 7 8 |  8.1
Dodging        | 1 2 |  2.3
Evocations     | 1 |  1.2
Stealth        | 1 |  1.0

Action                   |  1- 3 |  4- 6 |  7- 9 | 10-12 || total
-------------------------+-------+-------+-------+-------++-------
Melee: War axe           |   135 |   149 |   302 |   200 ||   786
       Kick              |       |    28 |    86 |    76 ||   190
Evoke: Wand              |       |     1 |    10 |     4 ||    15
  Use: Scroll            |     1 |     1 |       |     6 ||     8
       Potion            |       |       |       |     3 ||     3
  Eat: Chunk             |     3 |     6 |     9 |     4 ||    22
       Ration            |       |       |       |     1 ||     1
Armor: Scale mail        |     7 |       |       |       ||     7
       Chain mail        |    78 |   115 |   135 |   101 ||   429
Dodge: Dodged            |    30 |    36 |    87 |    78 ||   231
Block: Shield            |    60 |    70 |   157 |   120 ||   407
